 Dungeon Crawl Stone Soup version 0.25.1-2-g60ff931df9 (webtiles) character file.

Game seed: 9659053552751680312

2718 DogServant the Destroyer (level 9, 0/66 HPs)
             Began as a Human Conjurer on Nov 12, 2020.
             Was an Initiate of Gozag.
             Slain by a centaur (2 damage)
             ... on level 7 of the Dungeon.
             The game lasted 00:13:48 (11864 turns).

DogServant the Destroyer (Human Conjurer)          Turns: 11864, Time: 00:13:49

Health: 0/66       AC:  4    Str: 10    XL:     9   Next: 98%
Magic:  8/18       EV: 12    Int: 18    God:    Gozag
Gold:   782        SH:  0    Dex: 13    Spells: 0/20 levels left

rFire    . . .     SeeInvis +   l - +4 dagger
rCold    . . .     Gourm    .   (no shield)
rNeg     . . .     Faith    .   t - +0 leather armour
rPois    .         Spirit   .   k - +0 helmet
rElec    .         Reflect  .   E - scarf {repulsion}
rCorr    +         Harm     .   (no gloves)
MR       .....                  (no boots)
Stlth    ++........             (no amulet)
HPRegen  0.21/turn              f - ring of resist corrosion
MPRegen  0.16/turn              j - ring of see invisible

@: very slightly contaminated, repel missiles
A: no striking features
a: Potion Petition, Call Merchant, Bribe Branch, Renounce Religion


You were on level 7 of the Dungeon.
You worshipped Gozag.
Gozag was pleased with you.
You were not hungry.

You visited 2 branches of the dungeon, and saw 8 of its levels.

You collected 837 gold pieces.
You paid 55 gold pieces to Gozag.

Inventory:

Hand Weapons
 g - a +0 whip
 l - a +4 dagger (weapon)
 o - a +0 falchion
Missiles
 r - 4 curare-tipped darts (quivered)
 w - 24 poisoned darts
Armour
 a - a +0 robe
 k - a +0 helmet (worn)
 p - a +0 buckler
 t - a +0 leather armour (worn)
 E - a scarf of repulsion (worn)
Jewellery
 f - a ring of resist corrosion (left hand)
 j - a ring of see invisible (right hand)
 B - an uncursed ring of protection from fire {unknown}
Scrolls
 d - 2 scrolls of remove curse
 i - a scroll of amnesia {unknown}
 n - 3 scrolls of fog
 u - a scroll of enchant armour {unknown}
 v - 5 scrolls of teleportation
 y - 2 scrolls of fear
 A - a scroll of acquirement {unknown}
 C - a scroll of identify
 D - 3 scrolls of vulnerability {unknown}
Potions
 b - 5 potions of curing
 e - 2 potions of lignification
 h - 2 potions of flight {unknown}
 m - 3 potions of cancellation {unknown}
 q - 2 potions of heal wounds {unknown}
 s - a potion of magic {unknown}
 x - 2 potions of mutation {unknown}
 z - a potion of stabbing {unknown}
 F - 2 potions of might {unknown}
 G - a potion of brilliance {unknown}
Comestibles
 c - 7 rations


   Skills:
 + Level 4.5 Fighting
 - Level 3.0 Armour
 - Level 3.0 Dodging
 - Level 2.1 Stealth
 - Level 0.9 Unarmed Combat
 - Level 6.0 Spellcasting
 - Level 8.3 Conjurations
 + Level 4.1 Hexes
 + Level 2.4 Air Magic
 + Level 2.4 Poison Magic


You couldn't memorise any spells.
You knew the following spells:

 Your Spells              Type           Power        Failure   Level  Hunger
a - Magic Dart            Conj           ####         1%          1    None
b - Searing Ray           Conj           #####.       1%          2    None
c - Dazzling Flash        Conj/Hex       ####..       3%          3    ##.....
d - Fulminant Prism       Conj/Hex       ####......   12%         4    ####...
e - Iskenderun's Mystic   Conj/Tloc      ###.....     28%         4    ####...
f - Call Canine Familiar  Summ           #.......     43%         3    ##.....
g - Mephitic Cloud        Conj/Pois/Air  ###.....     8%          3    ##.....

Your spell library contained the following spells:

 Spells                   Type           Power        Failure   Level  Hunger
 Poisonous Vapours        Pois/Air       ##....       9%          2    None
 Conjure Flame            Conj/Fire      ###.....     9%          3    ##.....
 Summon Small Mammal      Summ           #...         16%         1    None
 Summon Guardian Golem    Hex/Summ       ##......     21%         3    ##.....
 Call Imp                 Summ           #.......     24%         2    None
 Summon Lightning Spire   Summ/Air       #.......     67%         4    ####...
 Summon Ice Beast         Ice/Summ       #.......     83%         4    ####...
 Freezing Cloud           Conj/Ice/Air   ###.......   99%         6    #######
 Ring of Flames           Chrm/Fire      #.........   100%        7    #######


Dungeon Overview and Level Annotations

Branches:
Dungeon (7/15)             Temple (1/1) D:4

Altars:
Ashenzari
Cheibriados
Elyvilon
Fedhas
Gozag
Hepliaklqana
Kikubaaqudgha
Makhleb
Okawaru
Qazlal
Ru
Sif Muna
Trog
Uskayaw
Vehumet
Wu Jian
Xom
Zin
The Shining One

Annotations:
D:7 Harold


Message History

Harold hits you with a +0 hand axe. The centaur closely misses you.
Casting: Iskenderun's Mystic Blast (quite dangerous; 28% risk of failure)
Confirm with . or Enter, or press ? or * to list all spells.
The spell is quite dangerous to cast (28% risk of failure)!
Continue anyway?
You miscast Iskenderun's Mystic Blast.
Energy rips through your body!
* * * LOW HITPOINT WARNING * * *
The orc closely misses you. The centaur hits you!
* * * LOW HITPOINT WARNING * * *
An ogre comes into view. It is wielding a +0 giant spiked club.
Harold closely misses you.
Unknown command.
Level annotation: Harold Welcome back, DogServant the Human Conjurer.
Gozag says: Greed is good.
Press ? for a list of commands and other information.
You barely miss the centaur.
The centaur is severely wounded.
The centaur hits you.
You die...
Your body crumbles into a pile of gold.

O.. ... ### # $#.#
#.) ##. #F# #.#
..##.#######.########
#........##.........
#.@co....##.........
#.o@................
#..o.....##.........
#).......##_........
#........##.........
#........##.........
#....$....##.........
#........###.........
#......### #....)....
#......# ###.#.####


You could see Harold, an ogre, a bullfrog, a centaur, an orc priest and 2 orcs.

Vanquished Creatures
  A two-headed ogre (D:7)
  Eustachio (D:5)
  Duvessa (D:5)
  3 black bears
  An ice beast (D:7)
  A sky beast (D:5)
  3 ogres
  A wyvern zombie (D:6)
  A bullfrog (D:6)
  Dowan (D:5)
  3 scorpions
  3 centaur skeletons
  3 orc wizards
  2 orc priests
  4 hounds
  An iguana (D:6)
  3 worker ants (D:5)
  A killer bee zombie (D:6)
  A worker ant zombie (D:5)
  Robin (D:2)
  7 gnolls
  10 adders
  2 oozes
  An adder skeleton (D:6)
  An adder zombie (D:6)
  4 worms
  2 dart slugs
  A leopard gecko (D:1)
  26 orcs
  5 giant cockroaches
  14 goblins
  8 hobgoblins
  15 jackals
  3 quokkas
  7 bats
  7 frilled lizards
  A jackal skeleton (D:6)
  8 kobolds
  2 leopard gecko skeletons
  2 quokka skeletons
  9 rats
171 creatures vanquished.

Notes
Turn   | Place    | Note
-------+----------+-------------------------------------------
     0 | D:1      | DogServant the Human Conjurer began the quest for the Orb.
     0 | D:1      | Reached XP level 1. HP: 13/13 MP: 3/3
   476 | D:1      | Reached XP level 2. HP: 19/19 MP: 0/5
  1176 | D:2      | Reached XP level 3. HP: 24/24 MP: 3/6
  1597 | D:2      | Learned a level 2 spell: Searing Ray
  1954 | D:2      | Reached skill level 5 in Conjurations
  2065 | D:2      | Reached XP level 4. HP: 30/30 MP: 2/7
  2386 | D:2      | Noticed Robin
  2422 | D:2      | Killed Robin
  2647 | D:2      | Reached XP level 5. HP: 28/35 MP: 4/8
  2739 | D:2      | Found a shimmering altar of Xom.
  2739 | D:2      | Found a glowing silver altar of Zin.
  2739 | D:2      | Noticed an angel
  3242 | D:2      | Found a bloodstained altar of Trog.
  3805 | D:3      | Found a stormy altar of Qazlal.
  4361 | D:3      | Found a faded altar of an unknown god.
  4633 | D:4      | Reached skill level 1 in Fighting
  4633 | D:4      | Reached XP level 6. HP: 41/43 MP: 1/10
  5029 | D:4      | Found a hide-covered altar of Uskayaw.
  5203 | D:4      | Noticed an ogre
  5210 | D:4      | Killed an ogre
  5210 | D:4      | Reached skill level 6 in Conjurations
  5210 | D:4      | Reached XP level 7. HP: 50/50 MP: 7/12
  5276 | D:4      | Found an ornate altar of the Wu Jian Council.
  5310 | D:4      | Found a staircase to the Ecumenical Temple.
  5525 | Temple   | Entered the Ecumenical Temple
  5711 | Temple   | Became a worshipper of Gozag Ym Sagoz the Greedy
  5961 | D:4      | Found a blossoming altar of Fedhas.
  6580 | D:5      | Entered Level 5 of the Dungeon
  6818 | D:5      | Noticed Duvessa
  6818 | D:5      | Noticed Dowan
  6833 | D:5      | Killed Duvessa
  6833 | D:5      | Reached skill level 7 in Conjurations
  6833 | D:5      | Reached XP level 8. HP: 30/56 MP: 6/15
  6851 | D:5      | Killed Dowan
  6851 | D:5      | Reached skill level 5 in Spellcasting
  7676 | D:5      | Learned a level 3 spell: Dazzling Flash
  7681 | D:5      | Learned a level 4 spell: Fulminant Prism
  7686 | D:5      | Learned a level 4 spell: Iskenderun's Mystic Blast
  8065 | D:5      | Noticed Eustachio
  8079 | D:5      | Killed Eustachio
  8079 | D:5      | Reached skill level 1 in Hexes
  8450 | D:5      | Reached skill level 8 in Conjurations
  8450 | D:5      | Reached XP level 9. HP: 6/62 MP: 9/18
  8860 | D:5      | Found a glowing golden altar of the Shining One.
  9516 | D:6      | Reached skill level 1 in Armour
 10133 | D:6      | Found a hazy altar of Hepliaklqana.
 10249 | D:6      | Learned a level 3 spell: Call Canine Familiar
 10253 | D:6      | Learned a level 3 spell: Mephitic Cloud
 10960 | D:7      | Found a shattered altar of Ashenzari.
 10965 | D:7      | Reached skill level 1 in Air Magic
 11207 | D:7      | Reached skill level 1 in Poison Magic
 11451 | D:7      | Noticed a two-headed ogre
 11460 | D:7      | Killed a two-headed ogre
 11851 | D:7      | Noticed Harold
 11863 | D:7      | HP: 2/66 [centaur (8)]
 11864 | D:7      | Slain by a centaur

Illustrated notes

Levels and vault maps discovered:
D:1:      matt_arrival_los_fun, layout_loops_ring
D:2:      layout_basic, grunt_temple_overflow_order_and_chaos_1,
          lemuel_coloured_pillars_altar, first_ration,
          chequers_serial_rivers_micro_d, uniq_robin
D:3:      layout_basic, overflow_temple_1_default,
          chequers_ecumenical_altar_grove
D:4:      layout_basic, lemuel_crystal_altar, lemuel_crystal_altar,
          overflow_temple_1_default, minmay_temple_entry_nine_rooms
D:5:      layout_basic, nicolae_tso_carved_into_rock, uniq_duvessa,
          uniq_eustachio
D:6:      layout_loops_ring, nicolae_overflow_hidden_temple, serial_bayou,
          serial_bayou_pond_a, serial_bayou_shore_b, serial_bayou_pond_d,
          serial_bayou_shore_a
D:7:      minmay_chambers_of_fours, layout_basic, overflow_temple_1_default,
          old_standard_altar, nrook_loot_triangle, grunt_livestock, uniq_pikel,
          uniq_harold, uniq_maggie
Temple:   compressed_dpeg_triangle_lava_temple

Skill      XL: |  1  2  3  4  5  6  7  8  9 |
---------------+----------------------------+-----
Conjurations   | 5 6 7 8 |  8.3
Fighting       | 1 2 4 |  4.5
Spellcasting   | 3 4 6 |  6.0
Dodging        | 3 |  3.0
Hexes          | 1 4 |  4.1
Armour         | 3 |  3.0
Air Magic      | 2 |  2.4
Poison Magic   | 2 |  2.4
Stealth        | |  2.1
Unarmed Combat | |  0.9

Action                   |  1- 3 |  4- 6 |  7- 9 || total
-------------------------+-------+-------+-------++-------
Melee: Unarmed           |    24 |     5 |       ||    29
       Dagger            |       |    72 |   211 ||   283
       Punch             |       |       |     1 ||     1
 Cast: Magic Dart        |    68 |    23 |       ||    91
       Searing Ray       |     2 |    25 |    57 ||    84
  Use: Scroll            |     1 |       |     9 ||    10
 Stab: Distracted        |       |     1 |     1 ||     2
       Sleeping          |       |     2 |     2 ||     4
  Eat: Chunk             |     5 |    11 |     1 ||    17
       Ration            |       |       |     6 ||     6
Armor: Robe              |     2 |    17 |    17 ||    36
       Leather armour    |       |       |    57 ||    57
Dodge: Dodged            |    22 |    57 |   201 ||   280
